 Dungeon Crawl Stone Soup version 0.28.0-45-g0d030f2227 (webtiles) character file.

Game seed: 7759202196880901208

276 seaoflcl the Covered (level 6, -2/47 HPs)
             Began as a Human Fighter on Apr 10, 2022.
             Was an Initiate of Okawaru.
             Killed by nerve-wracking pain
             ... invoked by Menkaure
              (12 damage)
             ... on level 4 of the Dungeon.
             The game lasted 00:05:12 (3573 turns).

seaoflcl the Covered (Human Fighter)                Turns: 3573, Time: 00:05:12

Health: -2/47      AC: 15    Str: 18    XL:     6   Next: 50%
Magic:  6/6        EV:  5    Int:  9    God:    Okawaru [......]
Gold:   120        SH:  4    Dex: 12    Spells: 5/5 levels left

rFire   . . .      SeeInvis .   l - +1 spear (freeze)
rCold   . . .      Faith    .   c - +0 buckler
rNeg    . . .      Spirit   .   b - +0 plate armour
rPois   .          Reflect  .   h - +2 helmet
rElec   .          Harm     .   (no cloak)
rCorr   .          Rampage  .   (no gloves)
Will    .....                   (no boots)
Stlth   ..........              (no amulet)
HPRegen 0.15/turn               (no ring)
MPRegen 0.10/turn               (no ring)

@: no status effects
A: no striking features
a: Renounce Religion


You were on level 4 of the Dungeon.
You worshipped Okawaru.
Okawaru was noncommittal.
You visited 1 branch of the dungeon, and saw 4 of its levels.

You collected 120 gold pieces.

Inventory:

Hand Weapons
 a - a +0 long sword
 g - a +1 dagger of venom
 l - a +1 spear of freezing (weapon)
Armour
 b - a +0 plate armour (worn)
 c - a +0 buckler (worn)
 h - a +2 helmet (worn)
Magical Staves
 x - a staff of poison
Jewellery
 e - an amulet of faith
 q - a +6 ring of intelligence
Scrolls
 n - a scroll of teleportation {unknown}
 o - a scroll of summoning {unknown}
 r - 2 scrolls of identify {unknown}
 s - a scroll of fog {unknown}
 u - a scroll of holy word {unknown}
 v - a scroll of vulnerability {unknown}
 w - a scroll of magic mapping {unknown}
 y - a scroll of acquirement {unknown}
Potions
 d - a potion of might
 f - 2 potions of haste {unknown}
 i - 2 potions of curing
 j - a potion of cancellation {unknown}
 k - 3 potions of attraction {unknown}
 m - 2 potions of brilliance {unknown}
 p - a potion of mutation {unknown}
 t - a potion of flight {unknown}


   Skills:
 + Level 3.6 Fighting
 + Level 1.2(1.8) Short Blades
 + Level 2.0(2.2) Long Blades
 + Level 3.3 Polearms
 + Level 4.2 Armour
 + Level 1.2 Dodging
 + Level 0.1 Stealth
 + Level 3.7 Shields


You had 5 spell levels left.
You didn't know any spells.
Your spell library contained the following spells:

 Spells                   Type           Power      Damage    Failure   Level
 Gell's Gravitas          Tloc           0%         N/A       100%        3
 Portal Projectile        Hex/Tloc       0%         N/A       100%        3
 Teleport Other           Tloc           0%         N/A       100%        3
 Leda's Liquefaction      Hex/Erth       0%         N/A       100%        4
 Blade Hands              Tmut           0%         N/A       100%        5
 Excruciating Wounds      Necr           0%         N/A       100%        5
 Dispersal                Tloc           0%         N/A       100%        6
 Call Canine Familiar     Summ           Unusable   N/A       N/A         3

Dungeon Overview and Level Annotations

Branches:
Dungeon (4/15)
 Temple: D:4-7

Altars:
Okawaru

Shops:
D:3 [

Annotations:
D:4 Ijyb, Menkaure


Message History

The ball python is heavily wounded.
You hit the ball python. You freeze the ball python.
You kill the ball python!
Okawaru accepts your kill.
No target in view!
No target in view!
y - a scroll labelled YFIJUF XEI Menkaure, Prince of Dust comes into view.
Menkaure gestures at you while chanting.
Pain shoots through your body!
Found a stone staircase leading up.
Menkaure rustles in an indecipherable tongue.
You block Menkaure's attack.
You hit Menkaure.
Menkaure is lightly damaged.
Menkaure calls on the powers of darkness!
Your body is wracked with pain!
You hear a shout!
You hit Menkaure. You freeze Menkaure.
Menkaure is moderately damaged.
An adder skeleton comes into view.
Ijyb the Twisted Goblin comes into view.
She is wielding a +0 club and carrying a wand of paralysis (12).
You barely miss Menkaure.
Menkaure is moderately damaged.
Menkaure rustles, "From dust you came, to dust you will return."
Menkaure hits you.
You barely miss Menkaure.
Menkaure is moderately damaged.
Menkaure gestures wildly while chanting.
Menkaure seems to speed up.
You block Menkaure's attack.
It was a potion of curing.
You feel better. Menkaure hits you!
* * * LOW HITPOINT WARNING * * *
You barely miss Menkaure.
Menkaure is moderately damaged.
Menkaure hits you.
* * * LOW HITPOINT WARNING * * *
Menkaure points at you and mumbles some strange words.
Pain shoots through your body!
You die...

###.....# .......
##...## ..... ##.## ...
##.##### #.# ###......#
#Z# #...###..# #g# #.#.#
#..# #M## #.#.###..#
#..# #.#....>.# ##@###
#.#......# #.#.##
##.....##.######....####
...................>...+
.#
##........##........####
##.##
###.#.#####.###.#..#
#...## ###.# #.#......#
#P.PP# #.# #.#......#
.... #.# #.#......#
##..##


You could see Ijyb, Menkaure (fast) and an adder skeleton.

Vanquished Creatures
  An ogre (D:3)
  A scorpion (D:4)
  Jessica (D:3)
  3 adders
  4 worms
  A dart slug (D:1)
  An orc (D:4)
  8 ball pythons
  4 bats
  10 endoplasms
  9 goblins
  3 hobgoblins
  9 jackals
  A quokka (D:3)
  2 frilled lizards (D:3)
  6 kobolds
  5 rats
69 creatures vanquished.

Notes
Turn   | Place    | Note
-------+----------+-------------------------------------------
     0 | D:1      | seaoflcl the Human Fighter began the quest for the Orb.
     0 | D:1      | Reached XP level 1. HP: 18/18 MP: 1/1
    93 | D:1      | Reached XP level 2. HP: 16/24 MP: 2/2
   442 | D:1      | Reached XP level 3. HP: 29/29 MP: 3/3
   854 | D:2      | Reached skill level 1 in Short Blades
  1120 | D:2      | Reached XP level 4. HP: 35/35 MP: 4/4
  1502 | D:2      | Reached skill level 1 in Polearms
  1896 | D:3      | Noticed Jessica
  1941 | D:3      | Killed Jessica
  1942 | D:3      | Reached XP level 5. HP: 11/41 MP: 5/5
  2293 | D:3      | Found an iron altar of Okawaru.
  2305 | D:3      | Became a worshipper of Warmaster Okawaru
  2369 | D:3      | Found Cytocw's Antique Armour Boutique.
  2623 | D:3      | Found a faded altar of an unknown god.
  2783 | D:3      | Noticed an ogre
  2794 | D:3      | Killed an ogre
  2795 | D:3      | Reached skill level 4 in Armour
  2795 | D:3      | Reached XP level 6. HP: 27/47 MP: 6/6
  3221 | D:4      | Reached skill level 1 in Dodging
  3559 | D:4      | Noticed Menkaure
  3565 | D:4      | Noticed Ijyb
  3573 | D:4      | Killed from afar by Menkaure

Illustrated notes

Levels and vault maps discovered:
D:1:      saegor_arrival_under_anarchy, layout_basic
D:2:      layout_loops_ring
D:3:      layout_basic, okawaru_trees_1,
          hellmonk_ecumenical_altar_leap_of_faith, serial_shops,
          nicolae_shop_overgrown_old_shop, patterned_corridor, uniq_jessica
D:4:      layout_loops_corners, hangedman_decor_points, minmay_fire_ice_demons,
          uniq_crazy_yiuf_cottage, uniq_ijyb, uniq_menkaure

Skill      XL: |  1  2  3  4  5  6 |
---------------+-------------------+-----
Short Blades   | 1 |  1.2
Polearms       | 1 3 |  3.3
Armour         | 4 |  4.2
Dodging        | 1 |  1.2
Fighting       | |  3.6
Long Blades    | |  2.0
Stealth        | |  0.1
Shields        | |  3.7

Action                   |  1- 3 |  4- 6 || total
-------------------------+-------+-------++-------
Melee: Dagger            |    60 |       ||    60
       Long sword        |     1 |       ||     1
       Spear             |    26 |   158 ||   184
  Use: Potion            |       |     1 ||     1
Armor: Scale mail        |    26 |       ||    26
       Chain mail        |    15 |    57 ||    72
Dodge: Dodged            |    22 |    42 ||    64
Block: Buckler           |    21 |    23 ||    44
